[Event "Titled Tuesday Blitz November 08 Early 2022"]
[White "Aung Thant Zin"]
[Black "Manelyuk, Daniil"]
[WhiteFideId "13000063"]
[BlackFideId "44173920"]
[WhiteElo "2278"]
[BlackElo "2209"]
[Result "1-0"]
[Round "03"]
[TimeControl "180+1"]
[Date "2022.11.09"]
[WhiteClock "0:00:20"]
[BlackClock "0:00:02"]

1. e4 e6 2. d4 d5 3. Nc3 Bb4 4. exd5 exd5 5. Bd3 Ne7 6. Ne2 c6 7. O-O Nd7 8. h3 O-O 9. a3 Bd6 10. Bf4 Qc7 11. Qd2 f5 12. Rae1 Ng6 13. Bxd6 Qxd6 14. Ng3 Nh4 15. Qg5 Qf6 16. Qxf6 Nxf6 17. Re7 Rf7 18. Rfe1 Ne4 19. Rxf7 Kxf7 20. Bxe4 fxe4 21. Nd1 Bd7 22. Ne3 Kg6 23. Rc1 Kf6 24. c4 Ke6 25. cxd5+ cxd5 26. Rc5 Bc6 27. b4 a6 28. a4 Bxa4 29. Rxd5 Ng6 30. Nxe4 Bc6 31. Nc5+ Ke7 32. Rg5 b6 33. Nd3 Be4 34. Ne5 a5 35. bxa5 bxa5 36. f3 Bb1 37. Nc6+ Kf6 38. Rxa5 Rc8 39. d5 Nf4 40. Kh2 Bg6 41. Kg3 1-0


[Site "https://www.chess.com"]

[Event "Titled Tuesday Blitz November 08 Early 2022"]
[White "Avazkhonov, Alikhon"]
[Black "Goroshkov, Maksym"]
[WhiteFideId "14208504"]
[BlackFideId "14142716"]
[WhiteElo "1739"]
[BlackElo "2257"]
[Result "0-1"]
[Round "03"]
[TimeControl "180+1"]
[Date "2022.11.09"]
[WhiteClock "0:00:02"]
[BlackClock "0:01:56"]

1. d4 Nf6 2. c4 d6 3. Nc3 g6 4. e4 Bg7 5. f3 O-O 6. Be3 e5 7. d5 Nh5 8. Nge2 f5 9. exf5 gxf5 10. Qd2 f4 11. Bf2 Bf5 12. Nc1 Nd7 13. Bd3 Qg5 14. Bxf5 Rxf5 15. Rg1 Nhf6 16. Nd3 Re8 17. O-O-O e4 18. h4 Qg6 19. fxe4 Nxe4 20. Nxe4 Rxe4 21. Qc2 Ne5 22. Nxe5 Rfxe5 23. g4 Re2 24. Qxg6 hxg6 25. Bd4 R5e4 26. Bxg7 Kxg7 27. Kb1 Rxc4 28. Rc1 Rxc1+ 29. Rxc1 Re7 30. Rf1 Rf7 31. Rf3 g5 32. h5 Re7 33. Rc3 Rf7 34. Rf3 c6 35. Kc2 cxd5 36. Kd3 Re7 37. Kd4 Re2 38. Rb3 Rd2+ 39. Kc3 Rg2 40. Rxb7+ Kf6 41. h6 Rxg4 42. h7 Rh4 43. Rxa7 f3 44. Kd3 g4 45. Ke3 Rh2 46. Ra6 Ke5 47. Ra8 Rxh7 48. Kd3 g3 49. Re8+ Kf4 50. Rf8+ Kg4 51. b4 g2 52. b5 Rg7 0-1


[Site "https://www.chess.com"]

[Event "Titled Tuesday Blitz November 08 Early 2022"]
[White "Averjanov, Alexey"]
[Black "Pichot, Alan"]
[WhiteFideId "14109867"]
[BlackFideId "110973"]
[WhiteElo "2581"]
[BlackElo "2560"]
[Result "1-0"]
[Round "03"]
[TimeControl "180+1"]
[Date "2022.11.09"]
[WhiteClock "0:00:10"]
[BlackClock "0:00:18"]

1. d4 Nf6 2. c4 d6 3. Nc3 Bf5 4. Nf3 Nbd7 5. g3 e5 6. Bg2 c6 7. O-O Be7 8. b3 O-O 9. Bb2 Qc7 10. Nh4 Bg4 11. h3 Bh5 12. Nf5 Rfe8 13. Nxe7+ Rxe7 14. Qd2 e4 15. d5 c5 16. Nb5 Qb6 17. Qf4 Ne5 18. Nc3 Bg6 19. Nxe4 Nxe4 20. Bxe4 Nxc4 21. Bxg6 Nxb2 22. Bxh7+ Kf8 23. Qd2 Qa6 24. Rfe1 Qa3 25. Rab1 Qxa2 26. Qxb2 Qxb2 27. Rxb2 g6 28. Kg2 Kg7 29. Bxg6 fxg6 30. e4 a5 31. f4 b5 32. Kf3 a4 33. bxa4 b4 34. Ra1 Rea7 35. e5 Rxa4 36. Rxa4 Rxa4 37. exd6 Kf7 38. Rc2 Ra5 39. Ke4 b3 40. Rb2 c4 41. Kd4 Ra4 42. Re2 Ra2 43. d7 Rxe2 44. d8=Q b2 45. Qd7+ Kf6 46. Qc6+ Kg7 47. Qb7+ Kf6 48. Kxc4 Rc2+ 49. Kd3 Rg2 50. g4 g5 51. Qb6+ Kf7 52. fxg5 Rg3+ 53. Ke4 Rb3 54. Qxb3 b1=Q+ 55. Qxb1 1-0


[Site "https://www.chess.com"]

[Event "Titled Tuesday Blitz November 08 Early 2022"]
[White "Baches Garcia, Guillermo"]
[Black "Sovetbekova, Nurai"]
[WhiteFideId "2209764"]
[BlackFideId "13801910"]
[WhiteElo "2444"]
[BlackElo "1925"]
[Result "1-0"]
[Round "03"]
[TimeControl "180+1"]
[Date "2022.11.09"]
[WhiteClock "0:00:31"]
[BlackClock "0:00:04"]

1. e4 c5 2. Nf3 d6 3. d4 cxd4 4. Nxd4 Nf6 5. Nc3 a6 6. Be3 e5 7. Nb3 Be7 8. f3 h5 9. Na4 Nbd7 10. c4 O-O 11. Be2 Qc7 12. Rc1 Nc5 13. Nc3 Nxb3 14. Qxb3 Be6 15. Nd5 Bxd5 16. cxd5 Qd7 17. O-O Rac8 18. a4 Nh7 19. Rxc8 Rxc8 20. Rc1 Bg5 21. Bxg5 Nxg5 22. Qe3 Nh7 23. b3 Nf6 24. Rc3 Rxc3 25. Qxc3 h4 26. a5 Nh5 27. Kf2 Nf4 28. Bf1 Qd8 29. g3 hxg3+ 30. hxg3 Ng6 31. Bh3 Kh7 32. Bf5 Kg8 33. Qc8 Qxc8 34. Bxc8 Ne7 35. Bxb7 f5 36. Bxa6 fxe4 37. fxe4 Kf7 38. Bb7 1-0


[Site "https://www.chess.com"]

[Event "Titled Tuesday Blitz November 08 Early 2022"]
[White "Barash, Anton"]
[Black "Vlassov, Nikolai"]
[WhiteFideId "30935229"]
[BlackFideId "4103360"]
[WhiteElo "2254"]
[BlackElo "2324"]
[Result "0-1"]
[Round "03"]
[TimeControl "180+1"]
[Date "2022.11.09"]
[WhiteClock "0:00:06"]
[BlackClock "0:00:12"]

1. e4 Nc6 2. Nc3 Nf6 3. Bc4 Nxe4 4. Qf3 Nf6 5. Nge2 e5 6. d3 Be7 7. Be3 Na5 8. O-O-O c6 9. Bb3 d5 10. d4 e4 11. Qg3 O-O 12. f3 Bf5 13. Rdf1 b5 14. Qf4 Bg6 15. fxe4 Bxe4 16. Nxe4 Nxe4 17. Ng3 Bg5 18. Qf3 Bxe3+ 19. Qxe3 Qg5 20. Qxg5 Nxg5 21. Nf5 Rae8 22. Re1 Ne4 23. Rhf1 g6 24. Nh6+ Kg7 25. Ng4 f6 26. c3 Nxb3+ 27. axb3 a5 28. Kc2 h5 29. Ne3 Nd6 30. Kd3 Re7 31. Ra1 Rfe8 32. Rf3 Ra8 33. Ra2 Rea7 34. Rf1 a4 35. b4 Re7 36. b3 Rae8 37. Rf3 axb3 38. Rb2 Rxe3+ 0-1


[Site "https://www.chess.com"]

[Event "Titled Tuesday Blitz November 08 Early 2022"]
[White "Baskakov, Egor"]
[Black "Sjugirov, Sanan"]
[WhiteFideId "24197866"]
[BlackFideId "4189302"]
[WhiteElo "2211"]
[BlackElo "2611"]
[Result "1-0"]
[Round "03"]
[TimeControl "180+1"]
[Date "2022.11.08"]
[WhiteClock "0:00:42"]
[BlackClock "0:00:02"]

1. e4 c5 2. Nf3 d6 3. d4 cxd4 4. Nxd4 Nf6 5. Nc3 a6 6. a4 e5 7. Nde2 Be7 8. g3 O-O 9. Bg2 Nc6 10. Nd5 Nxd5 11. exd5 Nb8 12. a5 Nd7 13. O-O f5 14. Be3 Nf6 15. h3 Bd7 16. c4 Kh8 17. b4 Rc8 18. Rc1 Qe8 19. f4 exf4 20. Nxf4 Ne4 21. Kh2 Bf6 22. Bd4 Be5 23. Qd3 Qe7 24. Rce1 Bxd4 25. Qxd4 Rce8 26. Re3 Qe5 27. Qxe5 dxe5 28. Nd3 Nd2 29. Rc1 e4 30. Nc5 Bc8 31. Rc2 Nf3+ 32. Bxf3 exf3 33. Rxf3 g5 34. Rcf2 Kg7 35. Na4 Re4 36. Nb6 Kg6 37. Nxc8 Rxc8 38. Rxf5 Rexc4 39. Rf6+ Kg7 40. Rf7+ Kg8 41. Rxb7 Rd4 42. Rb6 Rxd5 43. Rxa6 Rb8 44. Rb2 Rdb5 45. Rb6 R8xb6 46. axb6 Rxb6 47. b5 Kf7 48. Kg2 Ke6 49. Kf3 Kf5 50. Rb4 h5 51. Ke3 Ke5 52. Kf3 Kf5 53. h4 gxh4 54. Rxh4 Kg5 55. Rb4 Kf5 56. Kg2 Kg6 57. Kh3 Kg5 58. Rb3 Kf5 59. Kh4 Kg6 60. Rb4 Kh6 61. Kh3 Kg5 62. Kg2 Kf5 63. Kf3 Kg5 64. Ke3 Kf5 65. Kd4 1-0


[Site "https://www.chess.com"]

[Event "Titled Tuesday Blitz November 08 Early 2022"]
[White "Belozerov, Andrei"]
[Black "Cabezas Solano, David Alejandro"]
[WhiteFideId "4120213"]
[BlackFideId "6507522"]
[WhiteElo "2360"]
[BlackElo "2035"]
[Result "1-0"]
[Round "03"]
[TimeControl "180+1"]
[Date "2022.11.09"]
[WhiteClock "0:00:08"]
[BlackClock "0:00:01"]

1. e4 c5 2. Nc3 Nc6 3. Bb5 Nd4 4. Bc4 g6 5. Nf3 Nc6 6. d4 cxd4 7. Nxd4 Bg7 8. Be3 Nf6 9. Nxc6 bxc6 10. e5 Ng8 11. Qf3 e6 12. Bd4 d5 13. O-O-O Ne7 14. Bb3 O-O 15. Na4 Nf5 16. Bc5 Re8 17. g4 Nh4 18. Qg3 Ba6 19. f4 g5 20. fxg5 Qxg5+ 21. Be3 Qxe5 22. Bf4 Qe4 23. Nc5 Qe2 24. Nxa6 Qxa6 25. Qxh4 c5 26. c3 e5 27. Bd2 e4 28. Kb1 c4 29. Bc2 Rab8 30. Bc1 Qa3 31. Rd4 Qc5 32. Rhd1 Bxd4 33. Rxd4 Qc6 34. Qg5+ Kh8 35. Rxd5 Re6 36. Be3 Rf6 37. Bd4 1-0


[Site "https://www.chess.com"]

[Event "Titled Tuesday Blitz November 08 Early 2022"]
[White "Besedes, Danilo"]
[Black "Sarkar, Justin"]
[WhiteFideId "946796"]
[BlackFideId "2010011"]
[WhiteElo "2352"]
[BlackElo "2239"]
[Result "1-0"]
[Round "03"]
[TimeControl "180+1"]
[Date "2022.11.09"]
[WhiteClock "0:00:05"]
[BlackClock "0:00:01"]

1. Nf3 d5 2. e3 e6 3. c4 b6 4. Nc3 Bb7 5. d4 Nf6 6. Bd2 Be7 7. Rc1 O-O 8. cxd5 exd5 9. Bd3 c5 10. O-O Nc6 11. a3 c4 12. Bb1 Na5 13. Ne5 Nb3 14. Rc2 a6 15. f4 b5 16. Be1 Ne4 17. Nxe4 dxe4 18. Ng4 Bd5 19. Nf2 f5 20. g4 g6 21. Bc3 a5 22. Be1 b4 23. a4 Qd7 24. Kh1 Qxa4 25. Rg1 Kh8 26. Nh3 Qc6 27. Rcg2 a4 28. gxf5 Rxf5 29. Ng5 Bxg5 30. Rxg5 Rxg5 31. Rxg5 a3 32. bxa3 bxa3 33. Ba2 Rb8 34. Bc3 Qe6 35. Qe1 Rb7 36. Re5 Qf6 37. Qd1 1-0


[Site "https://www.chess.com"]

[Event "Titled Tuesday Blitz November 08 Early 2022"]
[White "Bibilashvili, Lali"]
[Black "Avramidou, Anastasia"]
[WhiteFideId "13604236"]
[BlackFideId "4239873"]
[WhiteElo "1819"]
[BlackElo "2221"]
[Result "0-1"]
[Round "03"]
[TimeControl "180+1"]
[Date "2022.11.09"]
[WhiteClock "0:00:32"]
[BlackClock "0:00:34"]

1. c4 g6 2. g3 Bg7 3. Bg2 Nf6 4. e3 O-O 5. Nc3 d6 6. Nge2 e5 7. d3 Nc6 8. O-O Be6 9. Nd5 Bxd5 10. cxd5 Ne7 11. Nc3 Nd7 12. b4 f5 13. f4 exf4 14. Bb2 fxe3 15. Qe2 f4 16. gxf4 Nf5 17. Ne4 Qe7 18. Rac1 Nb6 19. Bxg7 Kxg7 20. Qb2+ Kg8 21. Rfe1 Rac8 22. Ng5 Qf6 23. Qxf6 Rxf6 24. Ne6 Rf7 25. Be4 Re7 26. Kg2 c6 27. Bxf5 gxf5 28. Nd4 Nxd5 29. Nxf5 Re6 30. Kf3 Rf8 31. Rg1+ Kh8 32. Nd4 Rxf4+ 33. Ke2 Rxd4 34. b5 c5 35. Rcf1 Rf4 36. Rxf4 Nxf4+ 37. Kf3 Nxd3 38. Rd1 e2 39. Rxd3 e1=Q 40. Rd5 Qe4+ 0-1


[Site "https://www.chess.com"]

[Event "Titled Tuesday Blitz November 08 Early 2022"]
[White "Bluebaum, Matthias"]
[Black "Wagner, Dennis"]
[WhiteFideId "24651516"]
[BlackFideId "24650684"]
[WhiteElo "2633"]
[BlackElo "2470"]
[Result "1-0"]
[Round "03"]
[TimeControl "180+1"]
[Date "2022.11.08"]
[WhiteClock "0:02:25"]
[BlackClock "0:00:06"]

1. d4 d5 2. c4 e6 3. Nc3 c5 4. cxd5 exd5 5. Nf3 Nf6 6. g3 Nc6 7. a3 c4 8. Bg2 Be7 9. Bg5 O-O 10. Bxf6 Bxf6 11. e3 Be6 12. Ng1 b5 13. Nge2 Rb8 14. Nf4 Ne7 15. Qf3 b4 16. axb4 Rxb4 17. O-O Rxb2 18. Rxa7 Qb6 19. Raa1 Qb4 20. Ncxd5 Nxd5 21. Nxd5 Bxd5 22. Qxd5 c3 23. Ra8 c2 24. Rxf8+ Qxf8 25. Qc4 g6 26. Be4 1-0


[Site "https://www.chess.com"]

[Event "Titled Tuesday Blitz November 08 Early 2022"]
[White "Bok, Benjamin"]
[Black "Papasimakopoulos, Alexandros"]
[WhiteFideId "1017063"]
[BlackFideId "4244125"]
[WhiteElo "2658"]
[BlackElo "2365"]
[Result "1-0"]
[Round "03"]
[TimeControl "180+1"]
[Date "2022.11.09"]
[WhiteClock "0:00:52"]
[BlackClock "0:01:52"]

1. d4 e6 2. c4 b6 3. e4 Bb7 4. Bd3 Nc6 5. Ne2 Nb4 6. Nbc3 Nxd3+ 7. Qxd3 Bb4 8. O-O Ne7 9. a3 Bxc3 10. Nxc3 O-O 11. d5 d6 12. Bd2 exd5 13. exd5 Bc8 14. Rfe1 Bf5 15. Qf3 Bg6 16. h4 h6 17. h5 Bh7 18. Ne4 Nf5 19. Bc3 Qh4 20. g4 Ne7 21. Nf6+ gxf6 22. Bxf6 Qxf6 23. Qxf6 Nc8 24. g5 1-0


[Site "https://www.chess.com"]

[Event "Titled Tuesday Blitz November 08 Early 2022"]
[White "Boros, Denes"]
[Black "Ibarra Jerez, Jose Carlos"]
[WhiteFideId "722340"]
[BlackFideId "2226332"]
[WhiteElo "2464"]
[BlackElo "2638"]
[Result "0-1"]
[Round "03"]
[TimeControl "180+1"]
[Date "2022.11.08"]
[WhiteClock "0:00:16"]
[BlackClock "0:00:08"]

1. Nf3 d6 2. e4 e5 3. Bc4 Be7 4. d4 exd4 5. Qxd4 Nf6 6. Nc3 Nc6 7. Qe3 O-O 8. h3 Be6 9. Bb5 d5 10. Bxc6 bxc6 11. O-O Bb4 12. e5 Nd7 13. Nd4 Nb8 14. Qg3 Kh8 15. Bg5 Qd7 16. Nce2 c5 17. Nxe6 fxe6 18. c3 Ba5 19. Rad1 c4 20. b3 cxb3 21. axb3 Qf7 22. Nd4 c5 23. Nb5 Nc6 24. Be3 Bb6 25. f4 Ne7 26. Qf2 Nf5 27. Bxc5 Bxc5 28. Qxc5 Qg6 29. Nd6 Ng3 30. f5 Nxf5 31. Nxf5 Rxf5 32. c4 dxc4 33. bxc4 h6 34. Rxf5 Qxf5 35. Rf1 Qe4 36. Rf8+ Rxf8 37. Qxf8+ Kh7 38. Qc5 a6 39. Qb4 Qxe5 40. c5 Qe3+ 41. Kh2 Qe5+ 42. Kg1 Qd5 43. Qc3 Qc6 44. Kf2 Kg8 45. g3 Kf7 46. Ke3 e5 47. h4 Ke7 48. Qc4 Qe6 49. Qc3 Qd5 50. c6 Kd8 51. Qb4 Qd4+ 52. Qxd4+ exd4+ 53. Kxd4 Kc7 54. Kc5 h5 55. Kd5 a5 56. Kc5 a4 57. Kb4 Kxc6 58. Kxa4 Kd5 59. Kb4 Ke4 60. Kc5 Kf3 61. Kd4 Kxg3 62. Ke3 Kxh4 63. Kf3 Kg5 64. Kg2 Kg4 65. Kh2 h4 66. Kg2 g5 67. Kh2 Kf3 68. Kh3 g4+ 69. Kh2 g3+ 70. Kg1 g2 71. Kh2 Kf2 0-1


[Site "https://www.chess.com"]

[Event "Titled Tuesday Blitz November 08 Early 2022"]
[White "Bortnyk, Olexandr"]
[Black "Stribuk, Artiom"]
[WhiteFideId "14120828"]
[BlackFideId "13515659"]
[WhiteElo "2723"]
[BlackElo "2371"]
[Result "1-0"]
[Round "03"]
[TimeControl "180+1"]
[Date "2022.11.08"]
[WhiteClock "0:00:19"]
[BlackClock "0:00:03"]

1. d4 Nf6 2. Bf4 g6 3. Nd2 d5 4. e3 Bg7 5. h4 c5 6. c3 Nc6 7. Be2 cxd4 8. exd4 O-O 9. h5 Nd7 10. Ngf3 e5 11. dxe5 Ndxe5 12. hxg6 hxg6 13. O-O Re8 14. Nxe5 Nxe5 15. Nf3 Nxf3+ 16. Bxf3 d4 17. Qa4 Bd7 18. Qb3 dxc3 19. bxc3 Rc8 20. Rad1 Qe7 21. Qxb7 Ba4 22. Qxe7 Rxe7 23. Rde1 Rxe1 24. Rxe1 Rxc3 25. Re7 Bc6 26. Bxc6 Rxc6 27. Rxa7 Bd4 28. Ra8+ Kg7 29. Be3 Bxe3 30. fxe3 Rc2 31. a4 f5 32. a5 Ra2 33. a6 Kh7 34. a7 Kg7 35. Kh2 Kh7 36. Kg3 Ra4 37. Kf3 Kg7 38. g4 Kh7 39. gxf5 gxf5 40. Ke2 Kg7 41. Kd3 Kh7 42. Kc3 Kg7 43. Kb2 Kh7 44. Kb3 Ra1 45. Kb4 Kg7 46. Kc5 Ra2 47. Kd6 Ra6+ 48. Ke5 Ra5+ 49. Ke6 Kh7 50. Kf6 Ra6+ 51. Kxf5 Kg7 52. e4 Ra5+ 53. e5 Ra1 54. e6 Rf1+ 55. Kg4 Rg1+ 56. Kf3 Ra1 57. e7 1-0


[Site "https://www.chess.com"]

[Event "Titled Tuesday Blitz November 08 Early 2022"]
[White "Brown, Andrew"]
[Black "Winterberg, Lukas"]
[WhiteFideId "3206513"]
[BlackFideId "24622702"]
[WhiteElo "2245"]
[BlackElo "2349"]
[Result "0-1"]
[Round "03"]
[TimeControl "180+1"]
[Date "2022.11.09"]
[WhiteClock "0:00:03"]
[BlackClock "0:00:59"]

1. d4 g6 2. c4 Bg7 3. Nc3 c5 4. dxc5 Bxc3+ 5. bxc3 f5 6. h4 Nf6 7. h5 Rg8 8. hxg6 hxg6 9. Nf3 Qa5 10. Qb3 Na6 11. Be3 Nxc5 12. Qb4 Qxb4 13. cxb4 Nce4 14. O-O-O d6 15. Nd2 Be6 16. Nxe4 Nxe4 17. c5 dxc5 18. bxc5 Rc8 19. f3 Nxc5 20. Kb2 Na4+ 21. Ka3 Rc3+ 22. Kxa4 Rxe3 23. Rd2 Kf7 24. Rh7+ Kf6 25. Rh4 Rc8 26. Rb4 b6 27. Kb5 Ra3 0-1


[Site "https://www.chess.com"]

[Event "Titled Tuesday Blitz November 08 Early 2022"]
[White "Buscar, Michael"]
[Black "Mills, Morgen"]
[WhiteFideId "2603616"]
[BlackFideId "2013304"]
[WhiteElo "2010"]
[BlackElo "2269"]
[Result "0-1"]
[Round "03"]
[TimeControl "180+1"]
[Date "2022.11.09"]
[WhiteClock "0:00:05"]
[BlackClock "0:00:08"]

1. Nf3 b6 2. b3 Bb7 3. Bb2 Nf6 4. e3 g6 5. c4 Bg7 6. Be2 O-O 7. O-O d6 8. d3 e5 9. Nbd2 Nbd7 10. a3 a5 11. Qc2 Qe7 12. Rfe1 Nh5 13. Nf1 f5 14. Rad1 h6 15. d4 e4 16. N3d2 Kh7 17. Bxh5 gxh5 18. d5 Bxb2 19. Qxb2 Rg8 20. f4 Rg6 21. b4 a4 22. Nb1 Rag8 23. Rd2 Ba6 24. Rc1 h4 25. Rcc2 h3 26. g3 h5 27. Kh1 h4 28. Qd4 Nf6 29. Nc3 Qg7 30. Ne2 Ng4 31. Qxg7+ R6xg7 32. Nd4 hxg3 33. hxg3 Bc8 34. Rh2 Nxh2 35. Kxh2 Kg6 36. Nb5 Ba6 37. Nd4 Rh8 38. Nd2 Kf6 39. Nf1 Bc8 40. b5 Bd7 41. Rf2 Be8 42. Nd2 Bh5 43. Nc2 Rhg8 44. Nf1 Bf3 45. Nd4 Bg2 46. Rxg2 hxg2 47. Kxg2 Rh7 48. Ne6 Rgh8 49. Ng5 Rh5 50. Ne6 R8h7 51. Nd4 Rh1 52. Ne6 Rxf1 53. Kxf1 Rh1+ 54. Kg2 Rc1 55. Nxc7 Rxc4 56. Ne8+ Ke7 57. Ng7 Kf6 58. Ne8+ Ke7 59. Ng7 Kd7 60. Nxf5 Rc3 61. g4 Rxa3 62. g5 Rc3 63. g6 Rc8 64. Nh6 a3 65. g7 a2 66. g8=Q Rxg8+ 67. Nxg8 a1=Q 68. Kf2 Qg7 0-1


[Site "https://www.chess.com"]

[Event "Titled Tuesday Blitz November 08 Early 2022"]
[White "Butolo, Alexandru-Mircea"]
[Black "Broca Jimenez, Fernando"]
[WhiteFideId "1261649"]
[BlackFideId "5104742"]
[WhiteElo "1897"]
[BlackElo "2062"]
[Result "0-1"]
[Round "03"]
[TimeControl "180+1"]
[Date "2022.11.09"]
[WhiteClock "0:00:04"]
[BlackClock "0:00:21"]

1. d4 Nf6 2. Bf4 g6 3. Nc3 Bg7 4. e4 d6 5. Qd2 Nc6 6. O-O-O h5 7. f3 b6 8. Bb5 Bd7 9. e5 Ng8 10. exd6 cxd6 11. Nge2 Nf6 12. Rhe1 O-O 13. d5 Na5 14. Bxd7 Qxd7 15. Nd4 Rac8 16. Qe2 Rfe8 17. g4 hxg4 18. fxg4 Qxg4 19. Qxg4 Nxg4 20. b4 Rxc3 21. bxa5 bxa5 22. Nc6 Kf8 23. Nxa7 Nf6 24. Nb5 Rc5 25. Nxd6 Ra8 26. c4 Nh5 27. Bg5 exd6 28. Be7+ Kg8 29. Bxd6 Rxc4+ 0-1


[Site "https://www.chess.com"]

[Event "Titled Tuesday Blitz November 08 Early 2022"]
[White "Carbone, Diego"]
[Black "Zaichenko, Daria"]
[WhiteFideId "3002179"]
[BlackFideId "4197453"]
[WhiteElo "2265"]
[BlackElo "2039"]
[Result "0-1"]
[Round "03"]
[TimeControl "180+1"]
[Date "2022.11.09"]
[WhiteClock "0:00:03"]
[BlackClock "0:00:10"]

1. d4 d5 2. c4 e6 3. Nf3 Be7 4. g3 Nf6 5. Bg2 O-O 6. O-O dxc4 7. Qc2 a6 8. a4 Bd7 9. Qxc4 Bc6 10. Bf4 Nbd7 11. Nc3 Nb6 12. Qb3 a5 13. Rfd1 h6 14. Rac1 Nbd5 15. Bd2 Nxc3 16. bxc3 Ne4 17. Be1 Bf6 18. c4 Qe8 19. Ra1 Ra6 20. Ra2 Qe7 21. d5 exd5 22. cxd5 Nc5 23. Qc4 Rd8 24. Rdd2 Bd7 25. Rdc2 b6 26. Nd4 Bxd4 27. Qxd4 Bf5 28. e4 Bxe4 29. Re2 Rxd5 30. Qxd5 Bxd5 31. Rxe7 Bxa2 32. Rxc7 Ne6 33. Rc8+ Kh7 34. Be4+ g6 35. Bd3 Ra7 36. Bc3 Ng7 37. Bd4 Rd7 38. Rc3 Rxd4 0-1


[Site "https://www.chess.com"]

[Event "Titled Tuesday Blitz November 08 Early 2022"]
[White "Cella, Glaucio Dalla Cortt"]
[Black "Ciuffoletti, Paolo"]
[WhiteFideId "2119455"]
[BlackFideId "807630"]
[WhiteElo "2011"]
[BlackElo "2143"]
[Result "0-1"]
[Round "03"]
[TimeControl "180+1"]
[Date "2022.11.09"]
[WhiteClock "0:00:09"]
[BlackClock "0:00:34"]

1. e4 c5 2. Nf3 Nc6 3. c3 d5 4. exd5 Qxd5 5. Na3 Nf6 6. d4 cxd4 7. Nb5 Qd8 8. Bf4 Nd5 9. Bg3 a6 10. Nbxd4 Bd7 11. Bd3 g6 12. O-O Bg7 13. Be4 Nf6 14. Bxc6 bxc6 15. Ne5 O-O 16. Ndxc6 Qe8 17. Nxd7 Nxd7 18. Re1 e6 19. Bd6 Nf6 20. Bxf8 Bxf8 21. Ne5 Rd8 22. Qe2 Bd6 23. Rad1 Nd5 24. Qxa6 Nc7 25. Qe2 Qa4 26. b3 Qf4 27. g3 Qf5 28. f4 Nd5 29. Nc4 Bc5+ 30. Kg2 Ra8 31. Qd3 Rxa2+ 32. Kf3 Qh5+ 33. Ke4 Nf6# 0-1


[Site "https://www.chess.com"]

[Event "Titled Tuesday Blitz November 08 Early 2022"]
[White "Chernov, Mikhail"]
[Black "Safin, Robert"]
[WhiteFideId "24143170"]
[BlackFideId "34189120"]
[WhiteElo "2113"]
[BlackElo "2253"]
[Result "0-1"]
[Round "03"]
[TimeControl "180+1"]
[Date "2022.11.09"]
[WhiteClock "0:00:01"]
[BlackClock "0:00:08"]

1. e4 c5 2. Nf3 e6 3. d4 cxd4 4. Nxd4 Nf6 5. Nc3 Nc6 6. Be2 Bb4 7. O-O Bxc3 8. bxc3 Nxe4 9. Bd3 d5 10. Ba3 Qa5 11. Qc1 a6 12. Re1 Nc5 13. Nf5 O-O 14. Nxg7 Nxd3 15. Qh6 Qxa3 16. Nh5 Qxc3 17. cxd3 f5 18. Rac1 Qd4 19. Re3 f4 20. Rh3 Rf7 21. Rh4 e5 22. Nf6+ Rxf6 23. Qxh7+ Kf8 24. Qh8+ Ke7 25. Rh7+ Rf7 26. Rxf7+ Kxf7 27. Qh7+ Ke6 28. Qg6+ Kd7 29. Qf7+ Kd6 30. Qf8+ Kc7 31. Qe7+ Bd7 32. h4 Rg8 33. Qa3 f3 34. g3 Rxg3+ 0-1


[Site "https://www.chess.com"]

[Event "Titled Tuesday Blitz November 08 Early 2022"]
[White "Cramling Bellon, Anna"]
[Black "Izuzquiza Gonzalez, Javier"]
[WhiteFideId "32009232"]
[BlackFideId "3101029"]
[WhiteElo "1972"]
[BlackElo "2034"]
[Result "1-0"]
[Round "03"]
[TimeControl "180+1"]
[Date "2022.11.09"]
[WhiteClock "0:00:48"]
[BlackClock "0:00:02"]

1. d4 Nf6 2. c4 g6 3. Nc3 d5 4. cxd5 Nxd5 5. e4 Nxc3 6. bxc3 Bg7 7. Qa4+ Nd7 8. Qa3 O-O 9. Nf3 c5 10. Bg5 Re8 11. d5 Nf6 12. Bd3 c4 13. Bc2 Qc7 14. O-O Bg4 15. Nd4 h6 16. Bh4 Nh5 17. f3 Bc8 18. Bf2 Nf4 19. Rfe1 Be5 20. Nb5 Qb8 21. Bxa7 Rxa7 22. Qxa7 Qxa7+ 23. Nxa7 Bd7 24. Rab1 Bxc3 25. Red1 Ne2+ 26. Kh1 Nd4 27. Rxb7 Bc8 28. Nxc8 Rxc8 29. Ba4 Ba5 30. Rxd4 c3 31. Bc2 1-0


[Site "https://www.chess.com"]

[Event "Titled Tuesday Blitz November 08 Early 2022"]
[White "Cruz Mendez, Jean Marco"]
[Black "Gokerkan, Cem Kaan"]
[WhiteFideId "3526402"]
[BlackFideId "6336760"]
[WhiteElo "2064"]
[BlackElo "2365"]
[Result "0-1"]
[Round "03"]
[TimeControl "180+1"]
[Date "2022.11.09"]
[WhiteClock "0:00:13"]
[BlackClock "0:00:15"]

1. e4 c5 2. Nf3 g6 3. d4 cxd4 4. Qxd4 Nf6 5. e5 Nc6 6. Qf4 Nh5 7. Qe4 d6 8. exd6 Qxd6 9. Nc3 Bg7 10. Bd2 O-O 11. O-O-O Bf5 12. Qc4 Rac8 13. g4 Nd4 14. Nxd4 Rxc4 15. Nxf5 gxf5 16. Bxc4 fxg4 17. Rhg1 Nf6 18. h3 Rc8 19. Bb3 h5 20. hxg4 hxg4 21. Kb1 e6 22. f3 Qc6 23. fxg4 Ne4 24. Nxe4 Qxe4 25. Bc1 a5 26. a4 b5 27. axb5 a4 28. Rge1 Qb4 29. Ba2 Qxb5 30. Rxe6 fxe6 31. Bxe6+ Kf8 32. Bxc8 Bxb2 33. Bd7 Qb8 34. Bxb2 a3 35. Kc1 Qxb2+ 36. Kd2 a2 37. Rf1+ Ke7 38. Bf5 a1=Q 39. Rxa1 Qxa1 40. Bd3 Kf6 41. Bf5 Ke5 42. Bd3 Kd4 43. Bf5 Qc3+ 44. Ke2 Qe3+ 45. Kf1 Ke5 46. Kg2 Kf4 0-1


[Site "https://www.chess.com"]

[Event "Titled Tuesday Blitz November 08 Early 2022"]
[White "Csonka, Balazs"]
[Black "Jegorovas, Aleksandras"]
[WhiteFideId "742910"]
[BlackFideId "12801950"]
[WhiteElo "2404"]
[BlackElo "2247"]
[Result "1-0"]
[Round "03"]
[TimeControl "180+1"]
[Date "2022.11.09"]
[WhiteClock "0:00:11"]
[BlackClock "0:00:03"]

1. d4 d5 2. c4 c6 3. Nf3 Nf6 4. Qc2 e6 5. Nbd2 Nbd7 6. g3 Be7 7. Bg2 O-O 8. O-O b6 9. e4 Ba6 10. b3 Rc8 11. Rd1 Qc7 12. Bb2 c5 13. e5 Ne8 14. cxd5 exd5 15. Rac1 Qb8 16. Qf5 Rc7 17. e6 g6 18. Qh3 Ndf6 19. Ne5 fxe6 20. Qxe6+ Kg7 21. Nc6 Qb7 22. Nxe7 Rxe7 23. Qh3 Qc6 24. dxc5 bxc5 25. Nc4 Bc8 26. Qh4 Qa6 27. Bxd5 Qxa2 28. Bc6 1-0


[Site "https://www.chess.com"]

[Event "Titled Tuesday Blitz November 08 Early 2022"]
[White "Dahlgren, James Allen"]
[Black "Bilan, Danila"]
[WhiteFideId "22256873"]
[BlackFideId "24161918"]
[WhiteElo "2196"]
[BlackElo "2173"]
[Result "1-0"]
[Round "03"]
[TimeControl "180+1"]
[Date "2022.11.09"]
[WhiteClock "0:00:11"]
[BlackClock "0:00:01"]

1. e4 c6 2. Nc3 d5 3. d4 dxe4 4. Nxe4 Bf5 5. Ng3 Bg6 6. Nf3 Nd7 7. h4 h6 8. h5 Bh7 9. Bd3 Bxd3 10. Qxd3 Qc7 11. c4 e6 12. Be3 Ngf6 13. O-O-O Bd6 14. Ne4 Bf4 15. g3 Bxe3+ 16. Qxe3 O-O 17. Ne5 Nxe5 18. Nxf6+ gxf6 19. dxe5 Qxe5 20. Qxh6 Rad8 21. f4 Qe3+ 22. Kb1 Qe4+ 23. Ka1 Rxd1+ 24. Rxd1 Qc2 25. Rb1 Rd8 26. a3 Qf5 27. Rg1 Rd2 28. g4 Qc2 29. Qxf6 Qxc4 30. h6 Qd4 31. h7+ Kxh7 32. Rh1+ Kg8 33. Rh8# 1-0


[Site "https://www.chess.com"]